 Dungeon Crawl Stone Soup version 0.29.0-13-gc9e81de378 (webtiles) character file.

Game seed: 13578869570683038038

11535 LabCoat the Cleaver (level 11, -3/95 HPs)
             Began as a Hill Orc Fighter on Sept 8, 2022.
             Was a Priest of Trog.
             Slain by a merfolk
             ... wielding a +0 trident
              (14 damage)
             ... on level 3 of the Lair of Beasts.
             The game lasted 00:37:05 (12302 turns).

LabCoat the Cleaver (Hill Orc Fighter)             Turns: 12302, Time: 00:37:06

Health: -3/95      AC: 20    Str: 26    XL:     11   Next: 79%
Magic:  11/11      EV:  7    Int:  8    God:    Trog [***...]
Gold:   478        SH:  5    Dex: 10    Spells: 10/10 levels left

rFire   . . .      SeeInvis +   G - +4 battleaxe (freeze)
rCold   + + .      Faith    .   (shield currently unavailable)
rNeg    . . .      Spirit   .   g - +2 plate armour
rPois   +          Reflect  +   K - +0 helmet
rElec   .          Harm     .   e - scarf {repulsion}
rCorr   .          Rampage  .   v - +1 pair of gloves of Decompression {Drain rC++}
Will    +....                   C - +0 pair of boots
Stlth   ..........              f - amulet of reflection
HPRegen 0.25/turn               x - ring of protection from fire
MPRegen 0.12/turn               u - ring "Gyor" {rPois rF- Will+ Str+2 SInv}

@: repel missiles
A: no striking features
a: Renounce Religion, Berserk, Trog's Hand


You were on level 3 of the Lair of Beasts.
You worshipped Trog.
Trog was most pleased with you.
You visited 3 branches of the dungeon, and saw 12 of its levels.

You collected 478 gold pieces.

Inventory:

Hand Weapons
 a - a +0 war axe
 j - a +0 vampiric morningstar
 G - a +4 battleaxe of freezing (weapon)
Missiles
 r - 6 poisoned darts
 B - 4 boomerangs (quivered)
 E - 2 boomerangs of dispersal
Armour
 e - a scarf of repulsion (worn)
 g - a +2 plate armour (worn)
 v - the +1 pair of gloves of Decompression (worn) {Drain rC++}
   (You found it on level 3 of the Lair of Beasts)

   rC:        It greatly protects you from cold.
   Drain:     It drains your maximum health when unequipped.
 C - a +0 pair of boots (worn)
 K - a +0 helmet (worn)
Jewellery
 d - a ring of positive energy
 f - an amulet of reflection (around neck)
 l - a ring of flight
 n - a +6 ring of dexterity
 u - the ring "Gyor" (right hand) {rPois rF- Will+ Str+2 SInv}
   (You acquired it on level 7 of the Dungeon)

   [ring of poison resistance]

   Str:       It affects your strength (+2).
   rF:        It makes you vulnerable to fire.
   rPois:     It protects you from poison.
   SInv:      It lets you see invisible.
   Will:      It increases your willpower.
 x - a ring of protection from fire (left hand)
 y - an amulet of guardian spirit
 I - a ring of ice
Wands
 c - a wand of digging (6)
 s - a wand of iceblast (13)
 H - a wand of polymorph (13)
Scrolls
 k - a scroll of identify
 D - a scroll of summoning
 J - a scroll of teleportation
Potions
 b - 2 potions of resistance
 h - 7 potions of curing
 i - 4 potions of cancellation
 m - 2 potions of brilliance {unknown}
 o - a potion of attraction {unknown}
 p - 2 potions of haste {unknown}
 q - a potion of berserk rage {unknown}
 t - 2 potions of ambrosia {unknown}
 w - 3 potions of flight
 z - 3 potions of might


   Skills:
 + Level 8.8 Fighting
 * Level 12.8(13.9) Axes
 + Level 7.3(10.1) Maces & Flails
 + Level 5.0 Throwing
 + Level 8.1 Armour
 + Level 8.2 Shields
 + Level 5.5 Evocations


You had 10 spell levels left.
You didn't know any spells.
Your spell library contained the following spells:

 Spells                   Type           Power      Damage    Failure   Level
 Sandblast                Erth           0%         2d4       99%         1
 Shock                    Conj/Air       0%         1d3       99%         1
 Passwall                 Tmut/Erth      0%         N/A       100%        2
 Dazzling Flash           Conj/Hex       0%         N/A       100%        3
 Portal Projectile        Hex/Tloc       0%         N/A       100%        3
 Stone Arrow              Conj/Erth      0%         3d7       100%        3
 Summon Guardian Golem    Hex/Summ       0%         N/A       100%        3
 Swiftness                Air            0%         N/A       100%        3
 Airstrike                Air            0%         2d(0-16)  100%        4
 Olgreb's Toxic Radiance  Pois           0%         N/A       100%        4
 Ozocubu's Refrigeration  Ice            0%         4d7       100%        7
 Ignition                 Fire           0%         3d3       100%        8


Dungeon Overview and Level Annotations

Branches:
Dungeon (8/15)             Temple (1/1) D:5            Lair (3/5) D:8
 Shoals (0/4) Lair:3       Spider (0/4) Lair:2

Altars:
Ashenzari
Cheibriados
Dithmenos
Elyvilon
Fedhas
Gozag
Hepliaklqana
Kikubaaqudgha
Makhleb
Nemelex Xobeh
Okawaru
Qazlal
Ru
Sif Muna
Trog
Uskayaw
Vehumet
Xom
Yredelemnul
Zin
The Shining One

Shops:
D:5 [   D:6 (


Message History

You finish putting on the +1 pair of gloves of Decompression {Drain rC++}.
h - 7 potions of curing (gained 1)
A merfolk comes into view. It is wielding a +0 trident.
The merfolk shouts!
You hear a shout!
The merfolk hits you from afar with a +0 trident!
A merfolk and a merfolk siren come into view.
Found a staircase to the Shoals.
The merfolk siren shouts!
The merfolk hits you with a +0 trident!
You slash the merfolk! You freeze the merfolk!
The merfolk is heavily wounded.
The merfolk hits you with a +0 trident!
You hit the merfolk. You freeze the merfolk.
The merfolk is heavily wounded.
The merfolk closely misses you.
A merfolk comes into view. It is wielding a +0 trident.
You closely miss the merfolk.
The merfolk is heavily wounded.
The merfolk barely misses you.
The merfolk hits you but does no damage.
The merfolk throws a boomerang.
The boomerang closely misses you.
The merfolk siren chants a haunting song.
You resist with almost no effort. The merfolk hits you with a +0 trident!
The merfolk hits you but does no damage.
The merfolk throws a boomerang.
You reflect the boomerang off an invisible shield around you!
The boomerang closely misses the merfolk.
The merfolk siren hits you but does no damage.
You hit the merfolk but do no damage. You slash the merfolk!
You freeze the merfolk. The merfolk hits you with a +0 trident!
The merfolk hits you with a +0 trident.
* * * LOW HITPOINT WARNING * * *
The merfolk siren barely misses you.
You slash the merfolk! You freeze the merfolk.
The merfolk is moderately wounded.
You miss the merfolk. The merfolk hits you with a +0 trident!
* * * LOW HITPOINT WARNING * * *
The merfolk hits you with a +0 trident!
You die...

..........#
#.#..##..##
#.#.....#...#
............#
####..###.##.##
...## ###.#.P#
.#>#.m###......#
~~~m~...#.....#.#
#~~~@#.....###
###mm......#
###......#
.......#
..........
.....#...###
...........#
.#.....###..#
......... .##


You could see 3 merfolk and a merfolk siren.

Vanquished Creatures
  Gastronok (Lair:1)
  Fannar (Lair:1)
  Erica (D:8)
  A black mamba (Lair:1)
  Maggie (D:8)
  4 cane toads
  Psyche (D:8)
  2 komodo dragons (Lair:1)
  Prince Ribbit (D:7)
  4 culicivoras (Lair:2)
  2 wyverns (Lair:1)
  8 yaks (Lair:2)
  A steam dragon (D:8)
  Grum (D:8)
  Menkaure (D:7)
  11 water moccasins
  Duvessa (D:5)
  A sky beast (D:6)
  A black bear (Lair:1)
  5 wolves
  A centaur (D:8)
  3 bullfrogs
  3 necrophages
  2 scorpions
  Dowan (D:5)
  14 wights
  A howler monkey (D:5)
  2 hounds
  6 orc priests
  4 iguanas (D:5)
  A jelly (D:5)
  A gnoll bouda (D:7)
  10 orc wizards
  3 gnolls (D:7)
  9 adders
  An ufetubus (D:5)
  A worm (D:2)
  3 dart slugs
  41 orcs
  6 ball pythons
  8 bats
  6 endoplasms
  4 giant cockroaches
  8 goblins
  8 hobgoblins
  3 jackals (D:1)
  4 quokkas
  2 frilled lizards
  4 kobolds
  4 rats
213 creatures vanquished.

Vanquished Creatures (others)
  9 fungi
  8 plants
17 creatures vanquished.

Grand Total: 230 creatures vanquished

Notes
Turn   | Place    | Note
-------+----------+-------------------------------------------
     0 | D:1      | LabCoat the Hill Orc Fighter began the quest for the Orb.
     0 | D:1      | Reached XP level 1. HP: 19/19 MP: 1/1
   313 | D:1      | Reached skill level 3 in Axes
   337 | D:1      | Reached XP level 2. HP: 27/27 MP: 2/2
   642 | D:1      | Reached skill level 1 in Maces & Flails
   769 | D:1      | Reached XP level 3. HP: 33/33 MP: 3/3
  1431 | D:2      | Reached XP level 4. HP: 40/40 MP: 4/4
  1707 | D:2      | Reached skill level 4 in Axes
  2020 | D:2      | Found a faded altar of an unknown god.
  2687 | D:4      | Got Camaerah's Tome of Turbulent Hexes
  2840 | D:4      | Reached XP level 5. HP: 40/46 MP: 5/5
  3493 | D:5      | Entered Level 5 of the Dungeon
  3500 | D:5      | Reached skill level 5 in Axes
  3500 | D:5      | Reached XP level 6. HP: 53/53 MP: 6/6
  3511 | D:5      | Noticed Duvessa
  3515 | D:5      | Noticed Dowan
  3526 | D:5      | Killed Duvessa
  3529 | D:5      | Killed Dowan
  3534 | D:5      | Reached skill level 5 in Fighting
  3534 | D:5      | Reached skill level 6 in Axes
  3534 | D:5      | Reached XP level 7. HP: 6/61 MP: 7/7
  3850 | D:5      | Found Otuhin's Jewellery Shop.
  3870 | D:5      | Found Taorgh's Antique Armour Emporium.
  4183 | D:5      | Found a staircase to the Ecumenical Temple.
  4640 | D:5      | Found a shadowy altar of Dithmenos.
  4861 | Temple   | Entered the Ecumenical Temple
  5013 | Temple   | Became a worshipper of Trog the Wrathful
  5301 | D:6      | Reached skill level 7 in Axes
  5301 | D:6      | Reached skill level 5 in Armour
  5301 | D:6      | Reached skill level 5 in Shields
  5305 | D:6      | Reached XP level 8. HP: 57/69 MP: 8/8
  5782 | D:6      | Reached * piety under Trog
  5951 | D:6      | Found Anesaobu's Weapon Shoppe.
  6078 | D:6      | Reached skill level 1 in Throwing
  6078 | D:6      | Reached skill level 1 in Evocations
  6295 | D:6      | Reached skill level 8 in Axes
  6380 | D:6      | Found a glowing golden altar of the Shining One.
  6385 | D:6      | Found a sacrificial altar of Ru.
  6396 | D:6      | Found a stormy altar of Qazlal.
  6403 | D:6      | Found a glowing silver altar of Zin.
  6409 | D:6      | Found a radiant altar of Vehumet.
  6417 | D:6      | Found a basalt altar of Yredelemnul.
  6422 | D:6      | Found a broken altar of Ashenzari.
  6715 | D:7      | Noticed Prince Ribbit
  6735 | D:7      | Killed Prince Ribbit
  6736 | D:7      | Reached XP level 9. HP: 44/75 MP: 9/9
  7158 | D:7      | Reached skill level 9 in Axes
  7814 | D:7      | Identified a scroll of acquirement
  7814 | D:7      | Acquired the ring "Gyor" {rPois rF- Will+ Str+2 SInv}
  7929 | D:7      | Noticed Menkaure
  7932 | D:7      | Killed Menkaure
  7959 | D:7      | Reached ** piety under Trog
  8049 | D:7      | Reached skill level 5 in Maces & Flails
  8457 | D:8      | Noticed Erica
  8475 | D:8      | Killed Erica
  8476 | D:8      | Reached skill level 10 in Axes
  8754 | D:8      | Reached XP level 10. HP: 66/84 MP: 10/10
  8874 | D:8      | Found a staircase to the Lair.
  8919 | D:8      | Noticed Psyche
  8929 | D:8      | Killed Psyche
  9092 | D:8      | Noticed Maggie
  9094 | D:8      | Noticed Grum
  9107 | D:8      | Killed Grum
  9109 | D:8      | Killed Maggie
  9463 | Lair:1   | Entered Level 1 of the Lair of Beasts
  9463 | Lair:1   | Noticed Gastronok
  9482 | Lair:1   | Killed Gastronok
  9483 | Lair:1   | Reached skill level 11 in Axes
  9808 | Lair:1   | Noticed a cane toad
  9809 | Lair:1   | Noticed Fannar
  9837 | D:8      | Killed a cane toad
 10038 | Lair:1   | Killed Fannar
 10039 | Lair:1   | Reached XP level 11. HP: 94/94 MP: 11/11
 10310 | Lair:1   | Reached skill level 12 in Axes
 10310 | Lair:1   | Reached skill level 5 in Evocations
 11180 | Lair:2   | Found a hole to the Spider Nest.
 11985 | Lair:2   | Reached *** piety under Trog
 11991 | Lair:2   | Reached skill level 5 in Throwing
 12226 | Lair:3   | Identified the +1 pair of gloves of Decompression {Drain
                  | rC++}
 12296 | Lair:3   | Found a staircase to the Shoals.
 12302 | Lair:3   | Slain by a merfolk

Illustrated notes

Levels and vault maps discovered:
D:1:      evilmike_arrival_rings, layout_basic, amcnicky_mini_corridor_feature,
          minmay_misc_feat_pillars
D:2:      layout_basic, basic_ecumenical_altar
D:3:      layout_rooms
D:4:      layout_loops_ring
D:5:      layout_loops_ring, mainiacjoe_overflow_24_doors,
          minmay_temple_entry_large_hall, serial_shops, shop,
          hangedman_decor_lopped, nicolae_take_the_stairs, uniq_duvessa
D:6:      layout_basic, grunt_temple_overflow_octagram, serial_shops,
          nicolae_lakefront_shop, chequers_serial_rivers_small_a
D:7:      nicolae_cairo_tiling, layout_basic, uniq_prince_ribbit1, uniq_menkaure
D:8:      nicolae_cairo_tiling_large_dashed, layout_cave_pods, uniq_psyche,
          uniq_maggie, uniq_erica, uniq_grum
Temple:   nicolae_temple_figure_eight
Lair:1:   layout_misc_corridors, grunt_megastairs_5, lemuel_fruit_fields,
          uniq_fannar, uniq_gastronok
Lair:2:   layout_misc_corridors, hellmonk_spider_entry_life_and_decay,
          grunt_megastairs_1, serial_bayou_shore_b
Lair:3:   layout_long_grid, elwin_shoals_entry_stream, st_stairs_8,
          chequers_serial_rivers_micro_c, wad_woods_river_01

Skill      XL: |  1  2  3  4  5  6  7  8  9 10 11 |
---------------+----------------------------------+-----
Axes           | 3 4 5 6 7 8 10 11 12 | 12.8
Maces & Flails | 1 2 3 4 5 6 7 |  7.3
Fighting       | 4 5 6 7 8 |  8.8
Armour         | 4 5 6 7 8 |  8.1
Shields        | 4 5 6 7 8 |  8.2
Throwing       | 1 3 4 5 |  5.0
Evocations     | 2 3 4 5 |  5.5

Action                   |  1- 3 |  4- 6 |  7- 9 | 10-12 || total
-------------------------+-------+-------+-------+-------++-------
Melee: War axe           |   134 |   169 |   296 |       ||   599
       Battleaxe         |       |       |    22 |   162 ||   184
Throw: Dart              |     5 |     4 |    16 |    10 ||    35
       Boomerang         |       |       |       |     9 ||     9
Invok: Berserk           |       |       |       |     3 ||     3
Evoke: Wand              |       |       |    12 |    29 ||    41
  Use: Scroll            |     3 |     4 |     8 |     6 ||    21
       Potion            |       |     2 |     1 |     3 ||     6
Armor: Scale mail        |    52 |       |       |       ||    52
       Plate armour      |    33 |    81 |   127 |    75 ||   316
Dodge: Dodged            |    64 |    26 |    60 |    61 ||   211
Block: Buckler           |    61 |    80 |   126 |       ||   267
       Reflection        |       |       |     3 |     1 ||     4
       Other             |       |       |     6 |    28 ||    34
